 Dungeon Crawl Stone Soup version 0.31-a0-155-gb63f529262 (webtiles) character file.

Game seed: 885321506620805328

290 Ijustatesigmund the Stinger (level 6, -4/38 HPs)
             Began as an Octopode Venom Mage on June 12, 2023.
             Slain by a gnoll sergeant
             ... wielding a +1 trident of venom
              (15 damage)
             ... on level 4 of the Dungeon.
             The game lasted 00:08:51 (3571 turns).

Ijustatesigmund the Stinger (Octopode Venom Mage)   Turns: 3571, Time: 00:08:53

Health: -4/38      AC:  3    Str:  7    XL:     6   Next: 32%
Magic:  7/11       EV: 13    Int: 23    God:
Gold:   1990       SH:  0    Dex: 12    Spells: 2/12 levels left

rFire   . . .        p - staff of poison
rCold   . . .        (no shield)
rNeg    . . .        f - +2 hat {Int+3}
rPois   +            (no amulet)
rElec   .            (no ring)
rCorr   .            (no ring)
SInv    .            (no ring)
Will    .....        (no ring)
Stlth   +++          (no ring)
HPRegen 0.26/turn    (no ring)
MPRegen 0.12/turn    (no ring)
                     (no ring)

%: no passive effects
@: lethally poisoned (-4 -> -9)
A: almost no armour, amphibious, 8 rings, camouflage 1, gelatinous body 1,
(nimble swimmer 1), tentacles
a: no special abilities


You were on level 4 of the Dungeon.
You visited 1 branch of the dungeon, and saw 4 of its levels.

You collected 1990 gold pieces.

Inventory:

Hand Weapons
 b - a +1 long sword
Armour
 f - a +2 hat of intelligence (worn)
Magical Staves
 p - a staff of poison (weapon)
Scrolls
 e - a scroll of fear {unknown}
 g - a scroll of magic mapping
 k - 2 scrolls of teleportation
 l - a scroll of immolation {unknown}
Potions
 a - a potion of magic
 c - 2 potions of ambrosia
 d - a potion of lignification {unknown}
 h - a potion of curing
 i - a potion of mutation {unknown}
 j - a potion of degeneration {unknown}
 m - a potion of heal wounds {unknown}
 n - a potion of haste {unknown}
 o - 2 potions of enlightenment


   Skills:
 - Level 1.0 Fighting
 - Level 2.0 Dodging
 - Level 2.6 Stealth
 + Level 3.5 Spellcasting
 + Level 2.0 Conjurations
 - Level 1.0 Transmutations
 + Level 2.6 Air Magic
 + Level 5.4 Poison Magic


You had 2 spell levels left.
You knew the following spells:

 Your Spells              Type           Power      Damage    Failure   Level
a - Sting                 Tmut/Pois      100%       1d8       3%          1
b - Poisonous Vapours     Pois/Air       66%        N/A       3%          2
c - Mephitic Cloud        Conj/Pois/Air  29%        N/A       9%          3
d - Olgreb's Toxic Radia  Pois           43%        N/A       12%         4

Your spell library contained the following spells:

 Spells                   Type           Power      Damage    Failure   Level


Dungeon Overview and Level Annotations

Branches:
Dungeon (4/15)
 Temple: D:4-7

Altars:
Makhleb
Uskayaw


Innate Abilities, Weirdness & Mutations

You cannot wear most types of armour.
You are amphibious.
You can wear up to eight rings at the same time.
Your skin changes colour to match your surroundings (Stealth+).
Your rubbery body absorbs attacks. (AC +1, EV +1)
((You are camouflaged when in or above water. (Stealth+)))
You have tentacles for arms and can constrict up to eight enemies at once.


Message History

Aim: a gnoll sergeant, wielding a +1 trident of venom and wearing a +0 scale mail You feel a surge of power!
Poisonous vapours surround the gnoll sergeant!
The gnoll sergeant is poisoned.
The gnoll sergeant misses you. The gnoll sergeant misses you.
Things that are here:
a +0 whip; a gnoll corpse You closely miss the gnoll sergeant.
You grab the gnoll sergeant.
You squeeze the gnoll sergeant, but do no damage.
The gnoll sergeant is lightly wounded.
You constrict the gnoll sergeant, but do no damage.
The gnoll sergeant closely misses you.
The gnoll sergeant hits you with a +1 trident of venom!
You hit the gnoll sergeant.
The gnoll sergeant is moderately wounded.
You constrict the gnoll sergeant, but do no damage.
The gnoll sergeant hits you with a +1 trident of venom!
You hit the gnoll sergeant but do no damage.
You envenom the gnoll sergeant.
The gnoll sergeant looks even sicker.
The gnoll sergeant is moderately wounded.
You constrict the gnoll sergeant. The gnoll sergeant closely misses you.
You hit the gnoll sergeant.
The gnoll sergeant is heavily wounded.
You constrict the gnoll sergeant, but do no damage.
The gnoll sergeant hits you with a +1 trident of venom.
You feel better.
You constrict the gnoll sergeant. The gnoll sergeant misses you.
You hit the gnoll sergeant.
The gnoll sergeant is severely wounded.
You constrict the gnoll sergeant.
The gnoll sergeant hits you with a +1 trident of venom.
You are poisoned.
You hit the gnoll sergeant but do no damage.
The gnoll sergeant is severely wounded.
You constrict the gnoll sergeant, but do no damage.
You feel very sick.
The gnoll sergeant hits you with a +1 trident of venom!
* * * LOW HITPOINT WARNING * * *
The gnoll sergeant hits you with a +1 trident of venom!
You die...

##########.#
#......##..#............
#.......#..##...........
........#.# #...........
..........###...........
...........##...........
.........#..##..........
..........#..#..........
..........##.#.)@g......
...........##)#)........
....<......##...........
...........###..........
.......... ##.........
.......... ##.###....
##. ###. .. ..


You could see a gnoll sergeant (very poisoned).

Vanquished Creatures
  A black bear (D:4)
  An orc wizard (D:3)
  3 gnolls (D:4)
  4 adders
  A shadow imp (D:4)
  An ufetubus (D:4)
  2 worms
  4 dart slugs
  7 orcs (D:3)
  4 ball pythons
  4 endoplasms
  A giant cockroach (D:1)
  10 goblins
  10 hobgoblins
  3 jackals
  3 kobolds
  3 quokkas
  5 bats
  5 frilled lizards
  8 rats
80 creatures vanquished.

Notes
Turn   | Place    | Note
-------+----------+-------------------------------------------
     0 | D:1      | Ijustatesigmund the Octopode Venom Mage began the quest for
                  | the Orb.
     0 | D:1      | Reached XP level 1. HP: 11/11 MP: 3/3
   314 | D:1      | Reached XP level 2. HP: 14/18 MP: 3/5
   466 | D:1      | Reached skill level 1 in Fighting
   483 | D:1      | Reached skill level 4 in Poison Magic
   486 | D:1      | Learned a level 2 spell: Poisonous Vapours
  1114 | D:2      | Reached XP level 3. HP: 17/23 MP: 6/6
  1234 | D:2      | Reached skill level 1 in Air Magic
  1412 | D:2      | Found a hide-covered altar of Uskayaw.
  1704 | D:2      | Reached XP level 4. HP: 27/28 MP: 8/8
  1947 | D:2      | Learned a level 3 spell: Mephitic Cloud
  2647 | D:3      | Reached skill level 1 in Conjurations
  2647 | D:3      | Reached XP level 5. HP: 30/33 MP: 0/9
  2727 | D:3      | Learned a level 4 spell: Olgreb's Toxic Radiance
  2927 | D:3      | Found a burning altar of Makhleb.
  3056 | D:3      | Found a faded altar of an unknown god.
  3056 | D:3      | Noticed a Hell Sentinel
  3238 | D:4      | Identified 3 scrolls of acquirement
  3238 | D:4      | Acquired 823 gold pieces
  3242 | D:4      | Acquired 1043 gold pieces
  3246 | D:4      | Acquired a +2 hat of intelligence
  3253 | D:4      | Noticed a black bear
  3308 | D:4      | Reached skill level 5 in Poison Magic
  3308 | D:4      | Killed a black bear
  3309 | D:4      | Reached XP level 6. HP: 16/38 MP: 2/11
  3571 | D:4      | Slain by a gnoll sergeant

Illustrated notes

Levels and vault maps discovered:
D:1:      minmay_arrival_doors, layout_basic
D:2:      layout_loops_ring, basic_altar, chequers_hall_statues_corner_a
D:3:      layout_loops_ring, overflow_temple_1_default,
          dreamdust_ecumenical_altar_sealed_demon, kennysheep_generic_room_13
D:4:      layout_cave_pods, minmay_temple_entry_fiery

Skill      XL: |  1  2  3  4  5  6 |
---------------+-------------------+-----
Fighting       | 1 |  1.0
Poison Magic   | 4 5 |  5.4
Air Magic      | 1 2 |  2.6
Spellcasting   | 3 |  3.5
Conjurations   | 1 2 |  2.0
Dodging        | |  2.0
Stealth        | |  2.6
Transmutations | |  1.0

Action                     |  1- 3 |  4- 6 || total
---------------------------+-------+-------++-------
  Melee: Long sword        |    44 |    66 ||   110
         Constrict         |    15 |    23 ||    38
         Tentacles         |    11 |    15 ||    26
         Unarmed           |     1 |       ||     1
         Punch             |       |     4 ||     4
         Staff             |       |    17 ||    17
   Cast: Sting             |     9 |     2 ||    11
         Poisonous Vapours |    13 |    24 ||    37
         Mephitic Cloud    |       |     2 ||     2
         Olgreb's Toxic Ra |       |     2 ||     2
    Use: Scroll            |       |    12 ||    12
         Potion            |       |     1 ||     1
   Stab: Sleeping          |     3 |     4 ||     7
 Armour: Skin              |     6 |     9 ||    15
  Dodge: Dodged            |    34 |    68 ||   102

Table legend: (Time is in decaauts)
 A = Elapsed time spent in this place.
 B = Non-inter-level travel time spent in this place.
 C = Inter-level travel time spent in this place.
 D = Time resting spent in this place.
 E = Time spent auto-exploring this place.
 F = Levels seen in this place.
 G = Mean time per level.
                   A        B        C        D        E       F      G
               +--------+--------+--------+--------+--------+-----+--------+
         Total |   3616 |   3547 |     69 |    840 |   2153 |   4 |  904.0 |
       Dungeon |   3616 |   3547 |     69 |    840 |   2153 |   4 |  904.0 |
               +--------+--------+--------+--------+--------+-----+--------+

Top non-repeatable levels by time:
     D:1: 1119 daAuts
     D:3: 1112 daAuts
     D:2: 932 daAuts
     D:4: 452 daAuts
